Flyers vs Canucks

Created - 31 janvier 2021 at 23:30

Goals
1 2 3 OT1 SO T
Flyers 2 1 1 0 1 4
Canucks 1 1 2 0 2 5
Shots
1 2 3 OT1 SO T
Flyers 10 8 12 2 3 32
Canucks 7 10 11 3 2 31

1st period

1. Flyers , Noah Hanifin 5 (Brendan Gallagher 27, Rasmus Andersson 16) at 6:17
2. Canucks , Kevin Hayes 25 (Ryan Ellis 31, Ryan O'Reilly 34) at 17:46 (PP)
3. Flyers , Brendan Gallagher 18 (Jakub Voracek 25, Jonas Brodin 15) at 18:23

Penalties :
Nino Niederreiter (PHI) for Roughing (Minor) at 17:24

2nd period

4. Flyers , Victor Hedman 10 (Jakub Voracek 26, Jamie Benn 32) at 5:34 (PP)
5. Canucks , Anthony Duclair 19 (Maxime Lajoie 3) at 5:46

Penalties :
Jake Virtanen (VAN) for Interference (Minor) at 3:36

3rd period

6. Canucks , Brayden Point 20 (Mitch Marner 30, Anthony Duclair 20) at 0:23
7. Flyers , Nino Niederreiter 8 (Noah Hanifin 13, Rasmus Andersson 17) at 3:02
8. Canucks , Morgan Rielly 4 (Mitch Marner 31, Anthony Duclair 21) at 14:10

Penalties :
No Penalty

Overtime #1

No Goal

Penalties :
No Penalty

Shootout

Flyers, William Nylander - Goal!
Canucks, Mitch Marner - Goal!
Flyers, Brendan Gallagher - Stopped by Cam Talbot
Canucks, Brayden Point - Goal!
Flyers, Tomas Tatar - Shot Misses the Net

Penalties :
No Penalty

Goalie Stats

Pavel Francouz (PHI), 27 saves from 31 shots - (0,871), OTL, 21-17-6, 65:00 minutes
Cam Talbot (VAN), 28 saves from 32 shots - (0,875), W, 9-3-0, 65:00 minutes

Players Stats for Flyers

Player Name              G  A  P  +/- PIM S  H  SB GA TA FO     MP     PP MP  PK MP  
------------------------------------------------------------------------------------
Brendan Gallagher        1  1  2   1  0   2  0  0  0  0  0/1    22:13   1:13   0:00 
Jake Debrusk             0  0  0  -1  0   0  0  0  0  0  1/1    11:58   0:00   0:22 
Jakub Voracek            0  2  2   1  0   4  0  0  0  0  1/3    24:02   1:13   0:00 
Jamie Benn               0  1  1   1  0   1  4  1  0  0  13/24  23:46   1:13   0:00 
Joel Eriksson Ek         0  0  0  -1  0   2  0  0  0  0  6/11   11:36   0:00   0:00 
Jonas Brodin             0  1  1  -1  0   1  1  1  0  0  0/0    27:05   0:00   0:00 
Nick Schmaltz            0  0  0  -1  0   0  0  1  0  0  1/2    13:10   0:00   0:00 
Nino Niederreiter        1  0  1   1  2   2  1  0  0  0  0/0     7:55   0:00   0:00 
Noah Hanifin             1  1  2   1  0   3  2  1  0  0  0/0    20:35   1:13   0:00 
Paul Carey               0  0  0   1  0   1  0  0  0  0  4/10    8:18   0:00   0:22 
Paul Stastny             0  0  0  -1  0   4  2  2  0  0  13/31  20:25   0:45   0:00 
Rasmus Andersson         0  2  2   1  0   0  2  2  0  0  0/0    20:13   0:45   0:06 
Robert Thomas            0  0  0   1  0   1  0  0  0  0  0/1     7:56   0:00   0:00 
Ryan Graves              0  0  0   0  0   0  1  0  0  0  0/0    13:20   0:00   0:06 
Tomas Tatar              0  0  0  -1  0   5  4  0  0  0  0/0    18:32   0:45   0:00 
Victor Hedman            1  0  1  -1  0   1  1  4  0  0  0/0    29:32   1:13   0:16 
Vince Dunn               0  0  0   0  0   1  0  0  0  0  0/0    14:15   0:45   0:16 
William Nylander         0  0  0  -1  0   4  0  0  0  0  0/2    19:46   0:45   0:00 

Players Stats for Canucks

Player Name              G  A  P  +/- PIM S  H  SB GA TA FO     MP     PP MP  PK MP  
------------------------------------------------------------------------------------
Aaron Ekblad             0  0  0  -1  0   0  1  1  0  0  0/0    23:36   0:00   0:55 
Anthony Duclair          1  2  3   2  0   7  2  0  0  0  1/4    20:39   0:00   0:00 
Blake Coleman            0  0  0   0  0   0  1  1  0  0  6/12   12:23   0:00   1:03 
Boone Jenner             0  0  0   0  0   1  2  0  0  0  9/10    7:32   0:22   0:55 
Brayden Point            1  0  1   2  0   6  1  0  0  0  12/21  21:22   0:00   0:00 
Chris Tierney            0  0  0   0  0   0  0  0  0  0  2/2     1:03   0:00   1:03 
Jake Muzzin              0  0  0   0  0   0  4  0  0  0  0/0    14:48   0:00   0:55 
Jake Virtanen            0  0  0  -2  2   2  2  0  0  0  0/1    20:32   0:22   0:00 
Kevin Hayes              1  0  1  -2  0   5  2  0  0  0  3/6    23:16   0:22   0:00 
Kirby Dach               0  0  0   0  0   0  0  0  0  0  0/0     6:15   0:00   0:00 
Maxime Lajoie            0  1  1  -1  0   0  2  0  0  0  0/0    14:13   0:00   0:00 
Mitch Marner             0  2  2   2  0   1  0  0  0  0  0/2    22:41   0:00   0:00 
Morgan Rielly            1  0  1   1  0   2  2  0  0  0  0/0    24:38   0:00   0:00 
Ron Hainsey              0  0  0   1  0   1  1  2  0  0  0/0    22:54   0:00   1:03 
Ryan Ellis               0  1  1   0  0   0  1  2  0  0  0/0    24:29   0:22   1:03 
Ryan O'Reilly            0  1  1  -2  0   3  0  0  0  0  12/25  22:05   0:22   0:00 
Tanner Pearson           0  0  0   0  0   2  1  0  0  0  2/3    19:15   0:00   0:55 
Zach Sanford             0  0  0   0  0   1  0  0  0  0  0/0    11:20   0:00   0:00 

3 Stars

1 - Anthony Duclair (VAN)
2 - Noah Hanifin (PHI)
3 - Brayden Point (VAN)

Power Play

Flyers - 1 on 1 Attempt(s) - 100,00%
Canucks - 1 on 1 Attempt(s) - 100,00%

Penalty Kill

Flyers - 0 on 1 Attempt(s) - 0,00% - Score 0 goal in Penalty Kill
Canucks - 0 on 1 Attempt(s) - 0,00% - Score 0 goal in Penalty Kill

Team Stat

Flyers - Hits : 18 - Faceoff Wins : 39 - Blocked Shots : 12 - Penalty Minutes : 2
Canucks - Hits : 22 - Faceoff Wins : 47 - Blocked Shots : 6 - Penalty Minutes : 2

Official

Referees : Corey Syvret and Furman South
Linesman : Brent Hooks and Jake Davis

Game Notes

No Game Note

Finance

Level 1 -- Attendance: 6500 (100,00%) -- Ticket Income 715 000 $
Level 2 -- Attendance: 5000 (100,00%) -- Ticket Income 375 000 $
Level 3 -- Attendance: 3273 (93,51%) -- Ticket Income 180 015 $
Level 4 -- Attendance: 2569 (88,28%) -- Ticket Income 102 760 $
Luxury Box -- Attendance: 930 (93,00%) -- Ticket Income 185 070 $
Game was played at the Rogers Arena.
Total Attendance: 18272 (96,63%)
Total Ticket Income: 1 557 845 $
Other Income: 763 344 $
Total Income: 2 321 189 $

% Time on Ice - Flyers

Lines # - Real PCT - Wanted PCT - Time Play
Normal Forward
1 - 35% - 40% - 20:21
2 - 31% - 40% - 17:47
3 - 20% - 15% - 11:36
4 - 14% - 5% - 7:56
Normal Defense
1 - 36% - 35% - 20:51
2 - 34% - 35% - 19:22
3 - 23% - 20% - 13:14
4 - 7% - 10% - 4:13
PP Forward
1 - 62% - 55% - 1:13
2 - 38% - 45% - 0:45
PP Defense
1 - 62% - 55% - 1:13
2 - 38% - 45% - 0:45
PK Forward
1 - 0% - 50% - 0:00
2 - 100% - 50% - 0:22
PK Defense
1 - 27% - 50% - 0:06
2 - 73% - 50% - 0:16
PK3 Forward
1 - 0% - 50%
2 - 0% - 50%
PK3 Defense
1 - 0% - 50%
2 - 0% - 50%
44 Forward
1 - 0% - 55%
2 - 0% - 45%
44 Defense
1 - 0% - 50%
2 - 0% - 50%
Last Minute Offensive  - 0:00
Last Minute Defensive  - 0:00
Total
Forward - 60:00
Defense - 60:00

% Time on Ice - Canucks

Lines # - Real PCT - Wanted PCT - Time Play
Normal Forward
1 - 35% - 35% - 20:11
2 - 35% - 35% - 19:54
3 - 20% - 20% - 11:20
4 - 11% - 10% - 6:15
Normal Defense
1 - 37% - 40% - 21:36
2 - 38% - 40% - 21:51
3 - 24% - 20% - 13:53
4 - 1% - 0% - 0:20
PP Forward
1 - 0% - 50% - 0:00
2 - 100% - 50% - 0:22
PP Defense
1 - 100% - 50% - 0:22
2 - 0% - 50% - 0:00
PK Forward
1 - 47% - 50% - 0:55
2 - 53% - 50% - 1:03
PK Defense
1 - 53% - 50% - 1:03
2 - 47% - 50% - 0:55
PK3 Forward
1 - 0% - 60%
2 - 0% - 40%
PK3 Defense
1 - 0% - 60%
2 - 0% - 40%
44 Forward
1 - 0% - 50%
2 - 0% - 50%
44 Defense
1 - 0% - 50%
2 - 0% - 50%
Last Minute Offensive  - 0:00
Last Minute Defensive  - 0:00
Total
Forward - 60:00
Defense - 60:00

Play-by-Play

1st period


0:01 of 1st period - Ryan O'Reilly wins face-off versus Jamie Benn in neutral zone.
2:05 of 1st period - Icing by Ryan Graves.
2:06 of 1st period - Boone Jenner wins face-off versus Joel Eriksson Ek in Flyers zone.
2:12 of 1st period - Vince Dunn is hit by Boone Jenner and loses puck.
2:59 of 1st period - Shot by Anthony Duclair.
2:59 of 1st period - Shot Blocked by Victor Hedman.
3:01 of 1st period - Shot by Anthony Duclair.
3:01 of 1st period - Shot Misses the Net.
3:37 of 1st period - Icing by Morgan Rielly.
3:38 of 1st period - Ryan O'Reilly wins face-off versus Paul Stastny in Canucks zone.
3:55 of 1st period - Shot by Kevin Hayes.
3:55 of 1st period - Stopped by Pavel Francouz without a rebound.
3:56 of 1st period - Jamie Benn wins face-off versus Tanner Pearson in Flyers zone.
4:00 of 1st period - Jakub Voracek is hit by Jake Muzzin and loses puck.
4:03 of 1st period - Shot by Jamie Benn.
4:03 of 1st period - Stopped by Cam Talbot without a rebound.
4:04 of 1st period - Jamie Benn wins face-off versus Blake Coleman in Canucks zone.
4:48 of 1st period - Icing by Blake Coleman.
4:49 of 1st period - Blake Coleman wins face-off versus Paul Stastny in Canucks zone.
4:49 of 1st period - Blake Coleman is hit by Paul Stastny.
5:18 of 1st period - Brayden Point is hit by Tomas Tatar and loses puck.
5:34 of 1st period - Icing by Victor Hedman.
5:35 of 1st period - Ryan O'Reilly wins face-off versus Paul Stastny in Flyers zone.
5:36 of 1st period - Shot by Kevin Hayes.
5:36 of 1st period - Deflect By Jake Virtanen.
5:36 of 1st period - Stopped by Pavel Francouz without a rebound.
5:37 of 1st period - Ryan O'Reilly wins face-off versus Brendan Gallagher in Flyers zone.
6:15 of 1st period - Shot by Brendan Gallagher.
6:15 of 1st period - Shot Misses the Net.
6:17 of 1st period - Shot by Noah Hanifin.
6:17 of 1st period - Goal by Noah Hanifin - Flyers : 1 - Canucks : 0.
6:18 of 1st period - Brayden Point wins face-off versus Joel Eriksson Ek in neutral zone.
6:21 of 1st period - Victor Hedman is hit by Brayden Point and loses puck.
6:25 of 1st period - Jonas Brodin is hit by Anthony Duclair and loses puck.
7:10 of 1st period - Paul Stastny is hit by Ryan Ellis and loses puck.
7:13 of 1st period - Shot by William Nylander.
7:13 of 1st period - Stopped by Cam Talbot without a rebound.
7:14 of 1st period - Jamie Benn wins face-off versus Blake Coleman in Canucks zone.
7:14 of 1st period - Jamie Benn is hit by Morgan Rielly.
7:22 of 1st period - Shot by Brendan Gallagher.
7:22 of 1st period - Shot Hit the Post.
8:20 of 1st period - Shot by William Nylander.
8:20 of 1st period - Deflect By Paul Stastny.
8:20 of 1st period - Stopped by Cam Talbot without a rebound.
8:21 of 1st period - Joel Eriksson Ek wins face-off versus Ryan O'Reilly in Canucks zone.
8:21 of 1st period - Joel Eriksson Ek is hit by Aaron Ekblad.
8:41 of 1st period - Icing by Aaron Ekblad.
8:42 of 1st period - Ryan O'Reilly wins face-off versus Paul Stastny in Canucks zone.
9:00 of 1st period - Icing by Vince Dunn.
9:01 of 1st period - Brayden Point wins face-off versus Paul Stastny in Flyers zone.
9:14 of 1st period - Shot by Anthony Duclair.
9:14 of 1st period - Stopped by Pavel Francouz without a rebound.
9:15 of 1st period - Tanner Pearson wins face-off versus Jamie Benn in Flyers zone.
10:27 of 1st period - Shot by William Nylander.
10:27 of 1st period - Stopped by Cam Talbot with a rebound.
10:37 of 1st period - Shot by Anthony Duclair.
10:37 of 1st period - Stopped by Pavel Francouz without a rebound.
10:38 of 1st period - Paul Carey wins face-off versus Ryan O'Reilly in Flyers zone.
11:10 of 1st period - Shot by Robert Thomas.
11:10 of 1st period - Deflect By Nino Niederreiter.
11:10 of 1st period - Stopped by Cam Talbot without a rebound.
11:11 of 1st period - Joel Eriksson Ek wins face-off versus Brayden Point in Canucks zone.
11:22 of 1st period - Shot by Noah Hanifin.
11:22 of 1st period - Stopped by Cam Talbot without a rebound.
11:23 of 1st period - Paul Stastny wins face-off versus Brayden Point in Canucks zone.
11:29 of 1st period - Brayden Point is hit by Victor Hedman and loses puck.
11:46 of 1st period - Ryan Ellis is hit by Paul Stastny and loses puck.
12:46 of 1st period - Ryan O'Reilly is hit by Noah Hanifin.
13:10 of 1st period - Shot by Joel Eriksson Ek.
13:10 of 1st period - Shot Misses the Net.
14:01 of 1st period - Off-side.
14:02 of 1st period - Boone Jenner wins face-off versus Paul Carey in neutral zone.
14:26 of 1st period - Icing by Victor Hedman.
14:27 of 1st period - Brayden Point wins face-off versus Paul Carey in Flyers zone.
14:49 of 1st period - Off-side.
14:50 of 1st period - Kevin Hayes wins face-off versus Paul Stastny in neutral zone.
14:53 of 1st period - Shot by Morgan Rielly.
14:53 of 1st period - Shot Blocked by Rasmus Andersson.
14:58 of 1st period - Off-side.
14:59 of 1st period - Jamie Benn wins face-off versus Ryan O'Reilly in neutral zone.
17:13 of 1st period - Shot by Joel Eriksson Ek.
17:13 of 1st period - Shot Hit the Post.
17:15 of 1st period - Shot by Joel Eriksson Ek.
17:15 of 1st period - Shot Misses the Net.
17:21 of 1st period - Shot by Joel Eriksson Ek.
17:21 of 1st period - Shot Misses the Net.
17:23 of 1st period - Shot by Joel Eriksson Ek.
17:23 of 1st period - Stopped by Cam Talbot without a rebound.
17:24 of 1st period - Ryan O'Reilly wins face-off versus Paul Carey in Canucks zone.
17:24 of 1st period - Minor Penalty to Nino Niederreiter for Roughing.
17:25 of 1st period - Paul Carey wins face-off versus Boone Jenner in Flyers zone.
17:46 of 1st period - Shot by Kevin Hayes.
17:46 of 1st period - Goal by Kevin Hayes - Flyers : 1 - Canucks : 1.
17:47 of 1st period - Brayden Point wins face-off versus Paul Stastny in neutral zone.
17:47 of 1st period - Mitch Marner is hit by Tomas Tatar and loses puck.
17:51 of 1st period - Brayden Point is hit by Noah Hanifin and loses puck.
18:03 of 1st period - Off-side.
18:04 of 1st period - Jamie Benn wins face-off versus Ryan O'Reilly in neutral zone.
18:23 of 1st period - Shot by Brendan Gallagher.
18:23 of 1st period - Goal by Brendan Gallagher - Flyers : 2 - Canucks : 1.
18:24 of 1st period - Brayden Point wins face-off versus Paul Stastny in neutral zone.
18:29 of 1st period - Shot by Anthony Duclair.
18:29 of 1st period - Stopped by Pavel Francouz with a rebound.
18:31 of 1st period - Shot by Anthony Duclair.
18:31 of 1st period - Stopped by Pavel Francouz without a rebound.
18:32 of 1st period - Anthony Duclair wins face-off versus Paul Stastny in Flyers zone.
18:48 of 1st period - Icing by Ryan Ellis.
18:49 of 1st period - Jakub Voracek wins face-off versus Anthony Duclair in Canucks zone.
18:54 of 1st period - Shot by Jakub Voracek.
18:54 of 1st period - Stopped by Cam Talbot without a rebound.
18:55 of 1st period - Ryan O'Reilly wins face-off versus Jamie Benn in Canucks zone.
19:04 of 1st period - Shot by Ryan O'Reilly.
19:04 of 1st period - Shot Misses the Net.
19:07 of 1st period - Icing by Jonas Brodin.
19:08 of 1st period - Jamie Benn wins face-off versus Blake Coleman in Flyers zone.
19:10 of 1st period - Icing by Jakub Voracek.
19:11 of 1st period - Jamie Benn wins face-off versus Ryan O'Reilly in Flyers zone.
19:11 of 1st period - Victor Hedman is hit by Kevin Hayes and loses puck.
19:32 of 1st period - Shot by Kevin Hayes.
19:32 of 1st period - Shot Blocked by Jamie Benn.
19:38 of 1st period - Jake Virtanen is hit by Jamie Benn and loses puck.
Goals for this period are 2 for Flyers vs 1 for Canucks.
Shots for this period are 10 for Flyers vs 7 for Canucks.

2nd period


0:01 of 2nd period - Paul Stastny wins face-off versus Blake Coleman in neutral zone.
0:11 of 2nd period - Off-side.
0:12 of 2nd period - Brayden Point wins face-off versus Jamie Benn in neutral zone.
0:38 of 2nd period - Shot by Brayden Point.
0:38 of 2nd period - Stopped by Pavel Francouz without a rebound.
0:39 of 2nd period - Paul Stastny wins face-off versus Blake Coleman in Flyers zone.
1:11 of 2nd period - Shot by Zach Sanford.
1:11 of 2nd period - Shot Blocked by Paul Stastny.
1:45 of 2nd period - Shot by Kevin Hayes.
1:45 of 2nd period - Shot Blocked by Jonas Brodin.
2:00 of 2nd period - Icing by Ron Hainsey.
2:01 of 2nd period - Ryan O'Reilly wins face-off versus Joel Eriksson Ek in Canucks zone.
2:56 of 2nd period - Shot by Mitch Marner.
2:56 of 2nd period - Shot Misses the Net.
2:58 of 2nd period - Shot by Brayden Point.
2:58 of 2nd period - Stopped by Pavel Francouz without a rebound.
2:59 of 2nd period - Boone Jenner wins face-off versus Robert Thomas in Flyers zone.
3:21 of 2nd period - Icing by Noah Hanifin.
3:22 of 2nd period - Ryan O'Reilly wins face-off versus Paul Carey in Flyers zone.
3:32 of 2nd period - Noah Hanifin is hit by Morgan Rielly and loses puck.
3:36 of 2nd period - Minor Penalty to Jake Virtanen for Interference.
3:37 of 2nd period - Boone Jenner wins face-off versus Jamie Benn in Canucks zone.
3:37 of 2nd period - Boone Jenner is hit by Jamie Benn.
3:55 of 2nd period - Noah Hanifin is hit by Jake Muzzin and loses puck.
4:07 of 2nd period - Icing by Noah Hanifin.
4:08 of 2nd period - Chris Tierney wins face-off versus Jamie Benn in Flyers zone.
4:56 of 2nd period - Shot by Paul Stastny.
4:56 of 2nd period - Stopped by Cam Talbot without a rebound.
4:57 of 2nd period - Boone Jenner wins face-off versus Paul Stastny in Canucks zone.
5:06 of 2nd period - Shot by William Nylander.
5:06 of 2nd period - Stopped by Cam Talbot with a rebound.
5:08 of 2nd period - Shot by William Nylander.
5:08 of 2nd period - Shot Misses the Net.
5:12 of 2nd period - Shot by Paul Stastny.
5:12 of 2nd period - Stopped by Cam Talbot without a rebound.
5:13 of 2nd period - Chris Tierney wins face-off versus Jakub Voracek in Canucks zone.
5:30 of 2nd period - Shot by Jamie Benn.
5:30 of 2nd period - Shot Blocked by Ron Hainsey.
5:32 of 2nd period - Shot by Jakub Voracek.
5:32 of 2nd period - Shot Misses the Net.
5:34 of 2nd period - Shot by Victor Hedman.
5:34 of 2nd period - Goal by Victor Hedman - Flyers : 3 - Canucks : 1.
5:35 of 2nd period - Joel Eriksson Ek wins face-off versus Brayden Point in neutral zone.
5:39 of 2nd period - Victor Hedman is hit by Jake Muzzin and loses puck.
5:46 of 2nd period - Shot by Anthony Duclair.
5:46 of 2nd period - Goal by Anthony Duclair - Flyers : 3 - Canucks : 2.
5:47 of 2nd period - Paul Stastny wins face-off versus Ryan O'Reilly in neutral zone.
5:54 of 2nd period - Shot by Tomas Tatar.
5:54 of 2nd period - Stopped by Cam Talbot without a rebound.
5:55 of 2nd period - Paul Stastny wins face-off versus Brayden Point in Canucks zone.
6:00 of 2nd period - Shot by Tomas Tatar.
6:00 of 2nd period - Shot Misses the Net.
6:02 of 2nd period - Shot by Paul Stastny.
6:02 of 2nd period - Shot Misses the Net.
6:04 of 2nd period - Shot by Victor Hedman.
6:04 of 2nd period - Shot Blocked by Ryan Ellis.
6:16 of 2nd period - Shot by Mitch Marner.
6:16 of 2nd period - Stopped by Pavel Francouz without a rebound.
6:17 of 2nd period - Jamie Benn wins face-off versus Ryan O'Reilly in Flyers zone.
6:28 of 2nd period - Shot by Ryan O'Reilly.
6:28 of 2nd period - Deflect By Jake Virtanen.
6:28 of 2nd period - Stopped by Pavel Francouz without a rebound.
6:29 of 2nd period - Blake Coleman wins face-off versus William Nylander in Flyers zone.
6:44 of 2nd period - Ryan Ellis is hit by Tomas Tatar and loses puck.
7:12 of 2nd period - Icing by Victor Hedman.
7:13 of 2nd period - Brayden Point wins face-off versus Paul Stastny in Flyers zone.
7:22 of 2nd period - Shot by Brayden Point.
7:22 of 2nd period - Stopped by Pavel Francouz with a rebound.
7:24 of 2nd period - Shot by Mitch Marner.
7:24 of 2nd period - Shot Misses the Net.
7:26 of 2nd period - Shot by Mitch Marner.
7:26 of 2nd period - Shot Misses the Net.
7:28 of 2nd period - Shot by Anthony Duclair.
7:28 of 2nd period - Stopped by Pavel Francouz without a rebound.
7:29 of 2nd period - Jamie Benn wins face-off versus Jake Virtanen in Flyers zone.
7:29 of 2nd period - Jamie Benn is hit by Jake Virtanen.
7:37 of 2nd period - Shot by Jamie Benn.
7:37 of 2nd period - Shot Misses the Net.
7:43 of 2nd period - Shot by Kevin Hayes.
7:43 of 2nd period - Shot Blocked by Rasmus Andersson.
7:45 of 2nd period - Shot by Jake Muzzin.
7:45 of 2nd period - Shot Misses the Net.
8:48 of 2nd period - Icing by Ryan Ellis.
8:49 of 2nd period - Jake Debrusk wins face-off versus Brayden Point in Canucks zone.
9:29 of 2nd period - Shot by Joel Eriksson Ek.
9:29 of 2nd period - Shot Blocked by Ryan Ellis.
10:13 of 2nd period - Shot by Tomas Tatar.
10:13 of 2nd period - Shot Blocked by Ron Hainsey.
10:40 of 2nd period - Jonas Brodin is hit by Kevin Hayes and loses puck.
10:53 of 2nd period - Shot by Ryan O'Reilly.
10:53 of 2nd period - Stopped by Pavel Francouz with a rebound.
11:11 of 2nd period - Shot by Jake Virtanen.
11:11 of 2nd period - Shot Misses the Net.
11:13 of 2nd period - Shot by Maxime Lajoie.
11:13 of 2nd period - Shot Blocked by Victor Hedman.
11:45 of 2nd period - Shot by Tanner Pearson.
11:45 of 2nd period - Shot Misses the Net.
11:47 of 2nd period - Shot by Ron Hainsey.
11:47 of 2nd period - Deflect By Tanner Pearson.
11:47 of 2nd period - Stopped by Pavel Francouz without a rebound.
11:48 of 2nd period - Paul Stastny wins face-off versus Brayden Point in Flyers zone.
11:57 of 2nd period - Shot by William Nylander.
11:57 of 2nd period - Shot Misses the Net.
12:05 of 2nd period - Shot by Tomas Tatar.
12:05 of 2nd period - Stopped by Cam Talbot without a rebound.
12:06 of 2nd period - Jamie Benn wins face-off versus Ryan O'Reilly in Canucks zone.
12:06 of 2nd period - Jamie Benn is hit by Jake Muzzin.
12:16 of 2nd period - Shot by Brendan Gallagher.
12:16 of 2nd period - Shot Misses the Net.
12:18 of 2nd period - Shot by Jakub Voracek.
12:18 of 2nd period - Stopped by Cam Talbot without a rebound.
12:19 of 2nd period - Blake Coleman wins face-off versus Paul Stastny in Canucks zone.
12:24 of 2nd period - Shot by Tanner Pearson.
12:24 of 2nd period - Shot Misses the Net.
12:32 of 2nd period - Shot by Zach Sanford.
12:32 of 2nd period - Stopped by Pavel Francouz with a rebound.
12:34 of 2nd period - Shot by Ryan Ellis.
12:34 of 2nd period - Shot Misses the Net.
14:30 of 2nd period - Shot by Kevin Hayes.
14:30 of 2nd period - Deflect By Ryan O'Reilly.
14:30 of 2nd period - Shot Blocked by Nick Schmaltz.
14:41 of 2nd period - Off-side.
14:42 of 2nd period - Boone Jenner wins face-off versus Paul Carey in neutral zone.
14:45 of 2nd period - Robert Thomas is hit by Boone Jenner and loses puck.
14:52 of 2nd period - Tanner Pearson is hit by Nino Niederreiter and loses puck.
15:12 of 2nd period - Boone Jenner is hit by Ryan Graves and loses puck.
15:57 of 2nd period - Shot by Tomas Tatar.
15:57 of 2nd period - Shot Misses the Net.
15:59 of 2nd period - Shot by Jonas Brodin.
15:59 of 2nd period - Shot Hit the Post.
16:03 of 2nd period - Shot by Tomas Tatar.
16:03 of 2nd period - Stopped by Cam Talbot without a rebound.
16:04 of 2nd period - Joel Eriksson Ek wins face-off versus Ryan O'Reilly in Canucks zone.
17:10 of 2nd period - Off-side.
17:11 of 2nd period - Paul Stastny wins face-off versus Brayden Point in neutral zone.
17:41 of 2nd period - Icing by Jonas Brodin.
17:42 of 2nd period - Blake Coleman wins face-off versus Paul Stastny in Flyers zone.
19:30 of 2nd period - Noah Hanifin is hit by Ron Hainsey and loses puck.
19:53 of 2nd period - Rasmus Andersson is hit by Maxime Lajoie and loses puck.
Goals for this period are 1 for Flyers vs 1 for Canucks.
Shots for this period are 8 for Flyers vs 10 for Canucks.

3rd period


0:01 of 3rd period - Jamie Benn wins face-off versus Brayden Point in neutral zone.
0:23 of 3rd period - Shot by Brayden Point.
0:23 of 3rd period - Goal by Brayden Point - Flyers : 3 - Canucks : 3.
0:24 of 3rd period - Ryan O'Reilly wins face-off versus Paul Stastny in neutral zone.
2:19 of 3rd period - Shot by Joel Eriksson Ek.
2:19 of 3rd period - Shot Blocked by Aaron Ekblad.
3:02 of 3rd period - Shot by Nino Niederreiter.
3:02 of 3rd period - Goal by Nino Niederreiter - Flyers : 4 - Canucks : 3.
3:03 of 3rd period - Blake Coleman wins face-off versus Paul Stastny in neutral zone.
3:10 of 3rd period - Shot by Tanner Pearson.
3:10 of 3rd period - Shot Blocked by Paul Stastny.
3:12 of 3rd period - Shot by Blake Coleman.
3:12 of 3rd period - Shot Blocked by Noah Hanifin.
4:22 of 3rd period - Shot by Robert Thomas.
4:22 of 3rd period - Stopped by Cam Talbot without a rebound.
4:23 of 3rd period - Boone Jenner wins face-off versus Jamie Benn in Canucks zone.
5:02 of 3rd period - Shot by Brendan Gallagher.
5:02 of 3rd period - Stopped by Cam Talbot without a rebound.
5:03 of 3rd period - Kevin Hayes wins face-off versus Paul Stastny in Canucks zone.
5:03 of 3rd period - Kevin Hayes is hit by Tomas Tatar.
5:30 of 3rd period - Ryan Ellis is hit by Rasmus Andersson and loses puck.
5:33 of 3rd period - Shot by Kevin Hayes.
5:33 of 3rd period - Stopped by Pavel Francouz without a rebound.
5:34 of 3rd period - Joel Eriksson Ek wins face-off versus Anthony Duclair in Flyers zone.
5:34 of 3rd period - Victor Hedman is hit by Anthony Duclair and loses puck.
5:50 of 3rd period - Nick Schmaltz is hit by Maxime Lajoie and loses puck.
6:42 of 3rd period - Blake Coleman is hit by Jamie Benn and loses puck.
7:25 of 3rd period - Shot by Ryan O'Reilly.
7:25 of 3rd period - Shot Misses the Net.
7:27 of 3rd period - Shot by Ron Hainsey.
7:27 of 3rd period - Deflect By Kevin Hayes.
7:27 of 3rd period - Stopped by Pavel Francouz with a rebound.
7:29 of 3rd period - Shot by Ryan O'Reilly.
7:29 of 3rd period - Stopped by Pavel Francouz without a rebound.
7:30 of 3rd period - Ryan O'Reilly wins face-off versus Paul Carey in Flyers zone.
8:37 of 3rd period - Shot by Tomas Tatar.
8:37 of 3rd period - Stopped by Cam Talbot without a rebound.
8:38 of 3rd period - Boone Jenner wins face-off versus Jamie Benn in Canucks zone.
9:33 of 3rd period - Shot by William Nylander.
9:33 of 3rd period - Stopped by Cam Talbot without a rebound.
9:34 of 3rd period - Brayden Point wins face-off versus Joel Eriksson Ek in Canucks zone.
9:47 of 3rd period - Shot by Brayden Point.
9:47 of 3rd period - Stopped by Pavel Francouz without a rebound.
9:48 of 3rd period - Ryan O'Reilly wins face-off versus Paul Stastny in Flyers zone.
9:56 of 3rd period - Shot by Ryan O'Reilly.
9:56 of 3rd period - Shot Misses the Net.
9:58 of 3rd period - Shot by Ryan O'Reilly.
9:58 of 3rd period - Stopped by Pavel Francouz without a rebound.
9:59 of 3rd period - Brayden Point wins face-off versus Joel Eriksson Ek in Flyers zone.
10:10 of 3rd period - Shot by Morgan Rielly.
10:10 of 3rd period - Shot Misses the Net.
10:14 of 3rd period - Shot by Brayden Point.
10:14 of 3rd period - Shot Misses the Net.
10:19 of 3rd period - Mitch Marner is hit by Rasmus Andersson and loses puck.
10:34 of 3rd period - Shot by Mitch Marner.
10:34 of 3rd period - Shot Misses the Net.
11:47 of 3rd period - Shot by Brendan Gallagher.
11:47 of 3rd period - Shot Misses the Net.
12:13 of 3rd period - Shot by Jamie Benn.
12:13 of 3rd period - Shot Hit the Post.
12:44 of 3rd period - Shot by Tomas Tatar.
12:44 of 3rd period - Stopped by Cam Talbot without a rebound.
12:45 of 3rd period - Paul Carey wins face-off versus Mitch Marner in Canucks zone.
13:18 of 3rd period - Shot by Mitch Marner.
13:18 of 3rd period - Shot Misses the Net.
13:20 of 3rd period - Shot by Ron Hainsey.
13:20 of 3rd period - Stopped by Pavel Francouz without a rebound.
13:21 of 3rd period - Tanner Pearson wins face-off versus Paul Stastny in Flyers zone.
13:28 of 3rd period - Shot by Paul Stastny.
13:28 of 3rd period - Stopped by Cam Talbot without a rebound.
13:29 of 3rd period - Boone Jenner wins face-off versus Jamie Benn in Canucks zone.
13:29 of 3rd period - Aaron Ekblad is hit by Jamie Benn and loses puck.
13:51 of 3rd period - Tanner Pearson is hit by Jonas Brodin and loses puck.
13:58 of 3rd period - Shot by Boone Jenner.
13:58 of 3rd period - Stopped by Pavel Francouz without a rebound.
13:59 of 3rd period - Brayden Point wins face-off versus William Nylander in Flyers zone.
14:00 of 3rd period - Shot by Anthony Duclair.
14:00 of 3rd period - Shot Misses the Net.
14:02 of 3rd period - Shot by Morgan Rielly.
14:02 of 3rd period - Shot Misses the Net.
14:08 of 3rd period - Shot by Mitch Marner.
14:08 of 3rd period - Shot Misses the Net.
14:10 of 3rd period - Shot by Morgan Rielly.
14:10 of 3rd period - Goal by Morgan Rielly - Flyers : 4 - Canucks : 4.
14:11 of 3rd period - Paul Carey wins face-off versus Ryan O'Reilly in neutral zone.
14:41 of 3rd period - Shot by Paul Carey.
14:41 of 3rd period - Stopped by Cam Talbot with a rebound.
14:43 of 3rd period - Shot by Vince Dunn.
14:43 of 3rd period - Stopped by Cam Talbot without a rebound.
14:44 of 3rd period - Paul Stastny wins face-off versus Brayden Point in Canucks zone.
15:19 of 3rd period - Shot by Brayden Point.
15:19 of 3rd period - Shot Misses the Net.
15:21 of 3rd period - Shot by Morgan Rielly.
15:21 of 3rd period - Stopped by Pavel Francouz without a rebound.
15:22 of 3rd period - Blake Coleman wins face-off versus Jamie Benn in Flyers zone.
15:35 of 3rd period - Shot by Brendan Gallagher.
15:35 of 3rd period - Shot Blocked by Blake Coleman.
15:37 of 3rd period - Shot by Noah Hanifin.
15:37 of 3rd period - Stopped by Cam Talbot without a rebound.
15:38 of 3rd period - Joel Eriksson Ek wins face-off versus Ryan O'Reilly in Canucks zone.
15:46 of 3rd period - Shot by Joel Eriksson Ek.
15:46 of 3rd period - Stopped by Cam Talbot without a rebound.
15:47 of 3rd period - Jamie Benn wins face-off versus Blake Coleman in Canucks zone.
16:04 of 3rd period - Shot by Jakub Voracek.
16:04 of 3rd period - Stopped by Cam Talbot without a rebound.
16:05 of 3rd period - Paul Stastny wins face-off versus Mitch Marner in Canucks zone.
16:55 of 3rd period - Icing by Mitch Marner.
16:56 of 3rd period - Brayden Point wins face-off versus Jakub Voracek in Canucks zone.
17:12 of 3rd period - Shot by Aaron Ekblad.
17:12 of 3rd period - Shot Blocked by Victor Hedman.
17:14 of 3rd period - Shot by Kevin Hayes.
17:14 of 3rd period - Deflect By Ryan O'Reilly.
17:14 of 3rd period - Shot Misses the Net.
17:24 of 3rd period - Shot by Ryan O'Reilly.
17:24 of 3rd period - Shot Blocked by Victor Hedman.
17:55 of 3rd period - Jamie Benn is hit by Blake Coleman and loses puck.
18:15 of 3rd period - Shot by Tanner Pearson.
18:15 of 3rd period - Stopped by Pavel Francouz with a rebound.
19:21 of 3rd period - Brendan Gallagher is hit by Jake Virtanen and loses puck.
Goals for this period are 1 for Flyers vs 2 for Canucks.
Shots for this period are 12 for Flyers vs 11 for Canucks.

Overtime #1


0:01 of 1st overtime period - Kevin Hayes wins face-off versus Jamie Benn in neutral zone.
0:14 of 1st overtime period - Shot by Kevin Hayes.
0:14 of 1st overtime period - Stopped by Pavel Francouz without a rebound.
0:15 of 1st overtime period - Jamie Benn wins face-off versus Kevin Hayes in Flyers zone.
1:12 of 1st overtime period - Shot by Paul Stastny.
1:12 of 1st overtime period - Shot Misses the Net.
1:38 of 1st overtime period - Shot by Brayden Point.
1:38 of 1st overtime period - Stopped by Pavel Francouz without a rebound.
1:39 of 1st overtime period - Nick Schmaltz wins face-off versus Anthony Duclair in Flyers zone.
1:39 of 1st overtime period - Nick Schmaltz is hit by Tanner Pearson.
1:59 of 1st overtime period - Shot by Anthony Duclair.
1:59 of 1st overtime period - Stopped by Pavel Francouz with a rebound.
2:07 of 1st overtime period - Shot by Tanner Pearson.
2:07 of 1st overtime period - Shot Misses the Net.
2:09 of 1st overtime period - Shot by Aaron Ekblad.
2:09 of 1st overtime period - Shot Misses the Net.
2:11 of 1st overtime period - Shot by Tanner Pearson.
2:11 of 1st overtime period - Shot Misses the Net.
2:13 of 1st overtime period - Shot by Aaron Ekblad.
2:13 of 1st overtime period - Shot Misses the Net.
2:36 of 1st overtime period - Icing by Morgan Rielly.
2:37 of 1st overtime period - Paul Stastny wins face-off versus Kevin Hayes in Canucks zone.
2:38 of 1st overtime period - Shot by Jamie Benn.
2:38 of 1st overtime period - Shot Misses the Net.
2:46 of 1st overtime period - Shot by Jamie Benn.
2:46 of 1st overtime period - Shot Misses the Net.
2:48 of 1st overtime period - Shot by Jonas Brodin.
2:48 of 1st overtime period - Stopped by Cam Talbot without a rebound.
2:49 of 1st overtime period - Paul Stastny wins face-off versus Kevin Hayes in Canucks zone.
3:13 of 1st overtime period - Shot by Mitch Marner.
3:13 of 1st overtime period - Shot Misses the Net.
3:16 of 1st overtime period - Icing by Jonas Brodin.
3:17 of 1st overtime period - Paul Stastny wins face-off versus Ryan O'Reilly in Flyers zone.
3:21 of 1st overtime period - Icing by Jonas Brodin.
3:22 of 1st overtime period - Paul Stastny wins face-off versus Ryan O'Reilly in Flyers zone.
3:52 of 1st overtime period - Shot by Jakub Voracek.
3:52 of 1st overtime period - Shot Misses the Net.
3:54 of 1st overtime period - Shot by Victor Hedman.
3:54 of 1st overtime period - Shot Misses the Net.
4:12 of 1st overtime period - Shot by Jakub Voracek.
4:12 of 1st overtime period - Stopped by Cam Talbot without a rebound.
4:13 of 1st overtime period - Brayden Point wins face-off versus Nick Schmaltz in Canucks zone.
4:43 of 1st overtime period - Shot by Nick Schmaltz.
4:43 of 1st overtime period - Shot Misses the Net.
Goals for this period are 0 for Flyers vs 0 for Canucks.
Shots for this period are 2 for Flyers vs 3 for Canucks.

ShootOut


5:00 of 1st overtime period - Round #1.
5:00 of 1st overtime period - Flyers, William Nylander.
5:00 of 1st overtime period - Goal by William Nylander.
5:00 of 1st overtime period - Canucks, Mitch Marner.
5:00 of 1st overtime period - Goal by Mitch Marner.
5:00 of 1st overtime period - Round #2.
5:00 of 1st overtime period - Flyers, Brendan Gallagher.
5:00 of 1st overtime period - Stopped by Cam Talbot.
5:00 of 1st overtime period - Canucks, Brayden Point.
5:00 of 1st overtime period - Goal by Brayden Point.
5:00 of 1st overtime period - Round #3.
5:00 of 1st overtime period - Flyers, Tomas Tatar.
5:00 of 1st overtime period - Shot Misses the Net.